 Dungeon Crawl Stone Soup version 0.13.0-9-gbc74161 (webtiles) character file.

58 Malachi the Grave Robber (level 2, 0/20 HPs)
             Began as a Ghoul Necromancer on Oct 17, 2013.
             Slain by a hobgoblin
             ... wielding a +0,+0 club
              (4 damage)
             ... on Level 1 of the Dungeon.
             The game lasted 00:02:35 (823 turns).

Malachi the Grave Robber (Ghoul Necromancer)         Turns: 823, Time: 00:02:35

HP   0/20        AC  2     Str 11      XL: 2   Next: 87%
MP   4/4         EV 12     Int 10      God:
Gold 37          SH  0     Dex  9      Spells:  2 memorised,  1 level left

Res.Fire  : . . .   See Invis. : .   n - +0,-3 whip (curse)
Res.Cold  : + . .   Warding    : .   a - +0 robe
Life Prot.: + + +   Conserve   : .   (no shield)
Res.Poison: +       Res.Corr.  : .   (no helmet)
Res.Elec. : .       Clarity    : .   (no cloak)
Sust.Abil.: . .     Spirit.Shd : .   (no gloves)
Res.Mut.  : .       Stasis     : .   (no boots)
Res.Rott. : +       Flight     : .   (no amulet)
Saprovore : + + +                    (no ring)
                                     (no ring)

@: rotting, not resistant to hostile enchantments, fairly stealthy
A: rotting body, claws 1, carnivore 3, cold resistance 1, life protection 3,
poison resistance, saprovore 3, slow healing 1, torment resistance, unbreathing
a: no special abilities


You were on level 1 of the Dungeon.
You were not hungry.

You visited 1 branch of the dungeon, and saw 1 of its levels.

You collected 17 gold pieces.

Inventory:

Hand weapons
 d - a +0,+0 short sword
 n - a cursed +0,-3 whip (weapon)
Armour
 a - a +0 robe (worn)
Comestibles
 i - a rotting chunk of hobgoblin flesh
 j - 2 rotting chunks of goblin flesh
 m - a chunk of kobold flesh
 o - a chunk of rat flesh
Jewellery
 k - an uncursed ring of ice
Potions
 c - a potion of might
 e - a potion of magic {unknown}
Books
 b - a book of Necromancy

   Spells                             Type                      Level
   *Pain                              Necromancy                   1
   *Animate Skeleton                  Necromancy                   1
   Lethal Infusion                    Charms/Necromancy            2
   Vampiric Draining                  Necromancy                   3
   Regeneration                       Charms/Necromancy            3
   Animate Dead                       Necromancy                   4
   Control Undead                     Necromancy                   4


   Skills:
 * Level 0.3 Maces & Flails
 - Level 2.0 Dodging
 - Level 2.4 Stealth
 - Level 0.2 Unarmed Combat
 - Level 1.0 Spellcasting
 + Level 4.4 Necromancy


You had one spell level left.
You knew the following spells:

 Your Spells              Type           Power        Failure   Level  Hunger
a - Pain                  Necr           #...         8%          1    ##.....
b - Animate Skeleton      Necr           N/A          8%          1    ##.....


Dungeon Overview and Level Annotations

Branches:
Dungeon (1/27)

Altars:


Innate Abilities, Weirdness & Mutations

Your body is rotting away.
You have sharp fingernails.
You are carnivorous and can eat meat at any time.
Your flesh is cold resistant.
You are immune to negative energy.
Your system is resistant to poisons.
You thrive on rotten meat.
You heal slowly.
You are immune to unholy pain and torment.
You can survive without breathing.


Message History

The hobgoblin is severely wounded.
The hobgoblin hits you with a club.
You completely miss the hobgoblin.
The hobgoblin is severely wounded.
The hobgoblin hits you with a club.
You hit the hobgoblin but do no damage.
The hobgoblin is severely wounded.
The hobgoblin completely misses you.
You barely miss the hobgoblin.
The hobgoblin is severely wounded.
The hobgoblin hits you with a club.
* * * LOW HITPOINT WARNING * * *
You hit the hobgoblin but do no damage.
The hobgoblin is severely wounded.
The hobgoblin hits you with a club.
* * * LOW HITPOINT WARNING * * *
You barely miss the hobgoblin.
The hobgoblin is severely wounded.
The hobgoblin hits you with a club.
You die...

#.##############.##############..
#.# #.# #.# #.# #.# #.# #.# #.#
#.# #.# #%# #.# . #.# #.# # #.#
#.# # #z# #.# # #@# #.# # #g# #..
# ## #.# #.. # . # #.# ##. # #.#
#... #. # #.# ###.# #.
######.#.#########.# ########
......###........#.# #.......
...###.#.#######.#.# #.8.####


You could see a hobgoblin and a friendly rat skeleton.

Vanquished Creatures
  A giant gecko (D:1)
  A bat (D:1)
  2 giant cockroaches (D:1)
  4 hobgoblins (D:1)
  6 kobolds (D:1)
  A goblin (D:1)
  4 rats (D:1)
19 creatures vanquished.

Vanquished Creatures (collateral kills)
  A kobold (D:1)
1 creature vanquished.

Grand Total: 20 creatures vanquished

Notes
Turn   | Place    | Note
--------------------------------------------------------------
     0 | D:1      | Malachi, the Ghoul Necromancer, began the quest for the Orb.
     0 | D:1      | Reached XP level 1. HP: 14/14 MP: 3/3
     4 | D:1      | Noticed a shark
     4 | D:1      | Noticed a shark
   427 | D:1      | Reached XP level 2. HP: 19/19 MP: 2/4
   635 | D:1      | Learned a level 1 spell: Animate Skeleton
   823 | D:1      | Slain by a hobgoblin

Action                   || total
-------------------------++-------
Melee: Unarmed           ||    41
       Whip              ||    41
 Cast: Pain              ||    17
       Animate Skeleton  ||     1
  Use: Scroll            ||     4
       Potion            ||     2
 Stab: Sleeping          ||     1
